 Dungeon Crawl Stone Soup version 0.31-a0-702-gf82c85558f (webtiles) character file.

Game seed: 8851507781952669468

58268 gruber the Devastator (level 14, -9/84 HPs)
             Began as a Deep Elf Conjurer on Sept 7, 2023.
             Was a High Priest of Vehumet.
             Shot with an arrow by a centaur warrior (11 damage)
             ... on level 14 of the Dungeon on Sept 8, 2023.
             The game lasted 00:37:50 (20032 turns).

gruber the Devastator (Deep Elf Conjurer)          Turns: 20032, Time: 00:37:50

Health: -9/84      AC:  8    Str:  4    XL:     14   Next: 48%
Magic:  17/41      EV: 16    Int: 29    God:    Vehumet [*****.]
Gold:   1756       SH:  0    Dex: 13    Spells: 21/37 levels left

rFire   + . .        P - +10 long sword of Blood {venom, MP+9}
rCold   . . .        (no shield)
rNeg    + . .        C - +0 leather armour of the Shrike {rN+ Regen+ SInv}
rPois   +            (no helmet)
rElec   .            t - +3 cloak of the Valley of Death {rF+}
rCorr   .            (no gloves)
SInv    +            o - +0 pair of boots
Will    +....        u - amulet of magic regeneration
Stlth   ++           I - ring of poison resistance
HPRegen 1.14/turn    (no ring)
MPRegen 0.67/turn

%: no passive effects
@: spiked
A: no striking features
a: Renounce Religion


You were on level 14 of the Dungeon.
You worshipped Vehumet.
Vehumet was extremely pleased with you.
You visited 3 branches of the dungeon, and saw 20 of its levels.
You also visited: Bailey.

You collected 1756 gold pieces.

Inventory:

Hand Weapons
 h - a +1 dagger of venom
 L - the +9 sword of Zonguldrok {reap}
   (You found it on level 1 of the Lair of Beasts)
 N - the +9 sword of Power {lifebolt}
   (You found it on level 1 of the Lair of Beasts)
 P - the +10 long sword of Blood (weapon) {venom, MP+9}
   (You found it on level 1 of the Lair of Beasts)

   MP+9:      It affects your magic capacity (+9).
Missiles
 w - 4 throwing nets
 G - 24 poisoned darts
Armour
 a - an orb of guile
 o - a +0 pair of boots (worn)
 t - the +3 cloak of the Valley of Death (worn) {rF+}
   (You found it on level 4 of the Dungeon)

   rF+:       It protects you from fire.
 x - a +1 leather armour of poison resistance
 C - the +0 leather armour of the Shrike (worn) {rN+ Regen+ SInv}
   (You found it in a bailey)

   rN+:       It protects you from negative energy.
   SInv:      It lets you see invisible.
   Regen+:    It increases your rate of health regeneration.
Jewellery
 u - an amulet of magic regeneration (around neck)
 I - a ring of poison resistance (left hand)
 J - a ring of ice
Wands
 m - a wand of flame (59)
 E - a wand of quicksilver (23)
 H - a wand of mindburst (20)
 R - a wand of polymorph (5)
Scrolls
 e - 2 scrolls of revelation
 f - 7 scrolls of fear {unknown}
 l - 11 scrolls of teleportation {unknown}
 n - 4 scrolls of noise {unknown}
 p - 5 scrolls of enchant armour {unknown}
 r - 5 scrolls of enchant weapon {unknown}
 s - 7 scrolls of fog {unknown}
 v - 7 scrolls of blinking {unknown}
 A - 3 scrolls of amnesia {unknown}
 K - a scroll of butterflies
 M - a scroll of poison
 O - 2 scrolls of silence
 S - a scroll of vulnerability
Potions
 b - a potion of magic
 c - 8 potions of curing
 d - 2 potions of attraction {unknown}
 g - 9 potions of heal wounds
 i - 4 potions of lignification
 j - 4 potions of mutation
 k - a potion of brilliance {unknown}
 q - 5 potions of ambrosia
 z - 2 potions of might
 D - 7 potions of enlightenment
 F - a potion of berserk rage
 Q - a potion of haste
 T - a potion of experience {unknown}
Miscellaneous
 B - a phantom mirror


   Skills:
 - Level 8.4 Fighting
 - Level 9.0 Long Blades
 - Level 13.0 Dodging
 - Level 2.4 Stealth
 - Level 12.0 Spellcasting
 - Level 17.4 Conjurations
 * Level 4.3 Fire Magic
 - Level 5.0 Air Magic


You had 21 spell levels left.
You knew the following spells:

 Your Spells              Type           Power      Damage    Failure   Level
a - Magic Dart            Conj           100%       1d8       0%          1
b - Searing Ray           Conj           100%       2d8       0%          2
c - Iskenderun's Mystic   Conj/Tloc      61%        2d13      1%          4
d - Stone Arrow           Conj/Erth      100%       3d13      1%          3
e - Plasma Beam           Fire/Air       22%        2x1d34    30%         6

Your spell library contained the following spells:

 Spells                   Type           Power      Damage    Failure   Level
 Poisonous Vapours        Pois/Air       64%        N/A       1%          2
 Dazzling Flash           Conj/Hex       100%       N/A       1%          3
 Mephitic Cloud           Conj/Pois/Air  57%        N/A       1%          3
 Swiftness                Air            46%        N/A       1%          3
 Fulminant Prism          Conj/Hex       30%        3d15      1%          4
 Freezing Cloud           Conj/Ice/Air   28%        6-21      1%          5
 Necrotise                Necr           68%        1d7       5%          1
 Ensorcelled Hibernation  Hex/Ice        34%        N/A       9%          2
 Passwall                 Tmut/Erth      14%        N/A       9%          2
 Gell's Gravitas          Tloc           17%        N/A       16%         3
 Tukima's Dance           Hex            17%        N/A       16%         3
 Vampiric Draining        Necr           17%        2d7       16%         3
 Dimensional Bullseye     Hex/Tloc       8%         N/A       47%         4
 Agony                    Necr           17%        N/A       83%         5


Dungeon Overview and Level Annotations

Branches:
Dungeon (14/15)            Temple (1/1) D:6            Lair (5/5) D:11
  Swamp (0/4) Lair:2        Snake (0/4) Lair:2        Slime (0/5) Lair:5
    Orc (0/2) D:12         Vaults (0/5) D:13         Bailey (visited)

Altars:
Ashenzari
Cheibriados
Dithmenos
Elyvilon
Fedhas
Gozag
Hepliaklqana
Kikubaaqudgha
Makhleb
Nemelex Xobeh
Okawaru
Qazlal
Ru
Sif Muna
Trog
Uskayaw
Vehumet
Wu Jian
Xom
Yredelemnul
Zin
The Shining One
Jiyva

Shops:
D:8 [   D:13 *

Annotations:
Lair:2 3 runed translucent doors, AceOff's ghost, journeyman DjFE
Lair:5 2 runed translucent doors


Message History

The arrow hits the seven-headed hydra!!
The centaur is engulfed in freezing vapours.
The centaur dies!
The centaur warrior shoots an arrow.
The arrow hits you!
Unknown command.
Unknown command.
Casting: Stone Arrow (safe; 1% risk of failure)
Confirm with . or Enter, or press ? or * to list all spells.
You erupt in a blast of force!
The mystic blast hits the manticore!
The manticore is severely wounded.
The manticore is knocked back by the mystic blast.
The mystic blast hits the centaur!
You kill the centaur!
Vehumet accepts your kill.
You feel your power returning.
The mystic blast hits the seven-headed hydra!
The seven-headed hydra is almost dead.
The centaur warrior shoots an arrow.
The arrow hits you!
Unknown command.
Unknown command.
Unknown command.
Unknown command.
Casting: Iskenderun's Mystic Blast (safe; 1% risk of failure)
Confirm with . or Enter, or press ? or * to list all spells.
You erupt in a blast of force!
The mystic blast hits the seven-headed hydra.
The seven-headed hydra is almost dead.
The seven-headed hydra is knocked back by the mystic blast.
The centaur warrior shoots an arrow.
The arrow hits you!
* * * LOW HITPOINT WARNING * * *
The centaur warrior shoots an arrow.
The arrow hits you.
* * * LOW HITPOINT WARNING * * *
Unknown command.
Unknown command.
The manticore flicks its tail.
The volley of spikes hits you!
The barbed spikes become lodged in your body.
* * * LOW HITPOINT WARNING * * *
The centaur warrior shoots an arrow.
The arrow hits you!
You die...

#### #...
.###..)
/...?..## #
....H...##.)##.
.....D.@.).c...
.#.#.#####)....
#.#


You could see a seven-headed hydra, a centaur warrior and a manticore.

Vanquished Creatures
  An ettin (D:13)
  An entropy weaver (shapeshifter) (D:11)
  Fannar (D:12)
  6 hydras
  2 catoblepae
  2 two-headed ogres
  3 boulder beetles
  12 death yaks
  3 skysharks
  A lindwurm (Lair:5)
  A deep elf pyromancer (D:12)
  A wolf spider (Lair:5)
  A manticore (D:12)
  2 cyclopes
  Joseph (D:8)
  6 black mambas
  A torpor snail (Lair:3)
  Jeremiah (D:7)
  7 cane toads
  A gargoyle (D:12)
  A molten gargoyle (Lair:5)
  A rime drake (Lair:5)
  2 efreet (D:13)
  Maggie (D:10)
  13 komodo dragons
  An unseen horror (D:12)
  2 kobold demonologists (D:13)
  3 meliai
  3 trolls
  5 polar bears
  13 blink frogs
  8 dream sheep
  4 slime creatures
  3 shadows
  A centaur simulacrum (D:14)
  4 wraiths
  A vampire (D:9)
  23 yaks
  Eustachio (D:6)
  10 wyverns
  5 basilisks
  3 steam dragons
  20 vampire mosquitoes
  Grum (D:8)
  5 nagas (Lair:2)
  14 water moccasins
  Duvessa (D:4)
  An acid dragon (D:13)
  5 hell hounds (Lair:5)
  2 ice beasts
  6 orc warriors
  2 black bears
  2 sky beasts (D:8)
  4 centaurs
  32 wolves
  An ogre (D:3)
  A phantom (D:5)
  3 kobold brigands
  Blork the orc (D:6)
  A scorpion (D:4)
  10 bullfrogs
  4 gnoll sergeants
  10 killer bees
  Dowan (D:4)
  3 howler monkeys (D:9)
  5 lava snakes (Lair:5)
  4 hounds
  7 jellies
  Crazy Yiuf (D:5)
  7 orc priests
  3 gnoll boudas
  2 iguanas
  5 hell rats (Lair:3)
  12 orc wizards
  36 gnolls
  5 adders
  2 white imps
  2 worms
  A dart slug (D:5)
  37 orcs
  6 endoplasms
  11 hobgoblins
  6 jackals (D:1)
  28 kobolds
  4 quokkas
  3 ball pythons
  7 bats
  3 frilled lizards
  10 goblins
  2 rats (D:1)
  A butterfly (Lair:4)
502 creatures vanquished.

Vanquished Creatures (others)
  A centaur (D:14)
  An orc wizard (D:10)
2 creatures vanquished.

Grand Total: 504 creatures vanquished

Notes
Turn   | Place    | Note
-------+----------+-------------------------------------------
     0 | D:1      | gruber the Deep Elf Conjurer began the quest for the Orb.
     0 | D:1      | Reached XP level 1. HP: 10/10 MP: 6/6
   103 | D:1      | Reached XP level 2. HP: 14/15 MP: 1/8
   170 | D:1      | Reached skill level 5 in Conjurations
   380 | D:1      | Got the Dissertation on the Excruciating Geodesic
   814 | D:1      | Reached XP level 3. HP: 19/19 MP: 6/9
   847 | D:1      | Learned a level 2 spell: Searing Ray
  1998 | D:3      | Noticed an ogre
  2005 | D:3      | Killed an ogre
  2006 | D:3      | Reached skill level 6 in Conjurations
  2006 | D:3      | Reached XP level 4. HP: 24/24 MP: 4/12
  2006 | D:3      | Reached XP level 5. HP: 28/28 MP: 4/13
  2079 | D:3      | You fall into a shaft and drop 3 floors!
  2084 | D:5      | Entered Level 5 of the Dungeon
  2125 | D:5      | Noticed a centaur
  2131 | D:5      | Killed a centaur
  2132 | D:5      | Reached skill level 7 in Conjurations
  2252 | D:5      | Reached XP level 6. HP: 32/32 MP: 5/15
  2521 | D:5      | Noticed a yak
  2521 | D:5      | Noticed a yak
  2521 | D:5      | Noticed a yak
  2521 | D:5      | Noticed a yak
  2605 | D:5      | Reached skill level 5 in Spellcasting
  2679 | D:5      | Noticed an ice beast
  2686 | D:5      | Killed an ice beast
  2687 | D:5      | Reached skill level 8 in Conjurations
  2868 | D:5      | Found a runed translucent door.
  2869 | D:5      | Noticed Crazy Yiuf
  2960 | D:5      | Noticed a yak
  3345 | D:3      | Reached XP level 7. HP: 36/36 MP: 14/17
  3686 | D:3      | Found a faded altar of an unknown god.
  4039 | D:4      | Identified the +3 cloak of the Valley of Death {rF+}
  4495 | D:4      | Noticed Dowan
  4497 | D:4      | Noticed Duvessa
  4512 | D:4      | Reached skill level 9 in Conjurations
  4516 | D:4      | Killed Duvessa
  4859 | D:4      | Killed Dowan
  4860 | D:4      | Reached XP level 8. HP: 41/41 MP: 15/21
  4922 | D:5      | Learned a level 4 spell: Iskenderun's Mystic Blast
  5401 | D:6      | Reached skill level 10 in Conjurations
  5486 | D:6      | Noticed Blork the orc
  5494 | D:6      | Killed Blork the orc
  5654 | D:6      | Noticed Eustachio
  5664 | D:6      | Killed Eustachio
  5665 | D:6      | Reached skill level 11 in Conjurations
  5781 | D:6      | Found a staircase to the Ecumenical Temple.
  5788 | Temple   | Entered the Ecumenical Temple
  5816 | Temple   | Became a worshipper of Vehumet
  6165 | D:6      | Reached skill level 1 in Fighting
  6624 | D:7      | Reached XP level 9. HP: 50/50 MP: 12/22
  7025 | D:7      | Found a flagged portal.
  7045 | Bailey   | Entered a bailey
  7092 | Bailey   | Reached * piety under Vehumet
  7092 | Bailey   | Offered knowledge of Foxfire by Vehumet.
  7214 | Bailey   | Reached skill level 5 in Dodging
  7776 | Bailey   | Identified the +0 leather armour of the Shrike {rN+ Regen+
                  | SInv}
  8062 | D:7      | Noticed Jeremiah
  8086 | D:7      | Upgraded the game from 0.31-a0-700-gf13585253f to
                  | 0.31-a0-702-gf82c85558f
  8102 | D:7      | Killed Jeremiah
  8531 | D:8      | Found Daugg's Armour Emporium.
  8643 | D:8      | Reached XP level 10. HP: 48/56 MP: 25/25
  8690 | D:8      | Reached skill level 10 in Spellcasting
  8760 | D:8      | Noticed Grum
  8776 | D:8      | Killed Grum
  8933 | D:8      | Noticed Joseph
  8954 | D:8      | Killed Joseph
  9084 | D:8      | Reached ** piety under Vehumet
  9087 | D:8      | Offered knowledge of Shock by Vehumet.
  9103 | D:8      | Found a white marble altar of Elyvilon.
  9227 | D:8      | Found a glowing golden altar of the Shining One.
  9228 | D:8      | Found a shadowy altar of Dithmenos.
  9228 | D:8      | Found a sacrificial altar of Ru.
  9434 | D:9      | Reached skill level 12 in Conjurations
  9437 | D:9      | Noticed a boulder beetle
  9622 | D:5      | Killed Crazy Yiuf
  9760 | D:8      | Killed a boulder beetle
  9805 | D:9      | Offered knowledge of Momentum Strike by Vehumet.
  9850 | D:9      | Reached skill level 13 in Conjurations
  9871 | D:9      | Reached *** piety under Vehumet
  9989 | D:9      | Identified the +2 leather armour "Ototuot" {Harm rC+}
 10242 | D:10     | Entered Level 10 of the Dungeon
 10379 | D:10     | Identified the +0 ring mail "Juukhliupa" {-Tele rElec rF+
                  | Stlth+}
 10600 | D:10     | Offered knowledge of Airstrike by Vehumet.
 10693 | D:10     | Reached XP level 11. HP: 52/60 MP: 23/29
 10732 | D:10     | Noticed Maggie
 10744 | D:10     | Killed Maggie
 11037 | D:11     | Reached skill level 14 in Conjurations
 11081 | D:11     | Reached **** piety under Vehumet
 11125 | D:11     | Found a staircase to the Lair.
 11300 | D:11     | Noticed an entropy weaver
 11314 | D:11     | Killed an entropy weaver
 11315 | D:11     | Reached skill level 15 in Conjurations
 11471 | D:11     | Noticed a boulder beetle
 11477 | D:11     | Learned a level 3 spell: Stone Arrow
 11492 | D:11     | Killed a boulder beetle
 12257 | D:12     | HP: 3/60 [barbs]
 12348 | D:12     | Noticed a deep elf pyromancer
 12349 | D:12     | Noticed Fannar
 12353 | D:12     | Reached skill level 16 in Conjurations
 12354 | D:12     | Killed a deep elf pyromancer
 12546 | D:12     | Found a staircase to the Orcish Mines.
 12637 | D:12     | Offered knowledge of Yara's Violent Unravelling by Vehumet.
 12673 | D:12     | Killed Fannar
 12692 | D:12     | Reached skill level 17 in Conjurations
 12794 | D:12     | Noticed a two-headed ogre
 12802 | D:12     | Reached XP level 12. HP: 64/64 MP: 17/30
 12802 | D:12     | Killed a two-headed ogre
 13125 | Lair:1   | Entered Level 1 of the Lair of Beasts
 13157 | Lair:1   | Noticed a death yak
 13398 | Lair:1   | Noticed a death yak
 13410 | Lair:1   | Noticed a death yak
 13411 | Lair:1   | Killed a death yak
 13428 | Lair:1   | Noticed a death yak
 13455 | Lair:1   | Noticed a death yak
 13461 | Lair:1   | Killed a death yak
 13462 | Lair:1   | Reached skill level 5 in Fighting
 13466 | Lair:1   | Noticed a death yak
 13468 | Lair:1   | Killed a death yak
 13495 | Lair:1   | Killed a death yak
 13496 | Lair:1   | Killed a death yak
 13546 | Lair:1   | Killed a death yak
 13649 | Lair:1   | Reached ***** piety under Vehumet
 13649 | Lair:1   | Offered knowledge of Sticky Flame by Vehumet.
 13663 | Lair:1   | Noticed an eight-headed hydra
 13676 | Lair:1   | Killed an eight-headed hydra
 13705 | Lair:1   | Found the +9 sword of Zonguldrok {reap}
 13862 | Lair:1   | Found the +9 sword of Power {lifebolt}
 13871 | Lair:1   | Identified the amulet of Absolutism {Faith +Inv rCorr Str+2
                  | Int-5}
 14009 | Lair:1   | Identified the +10 long sword of Blood {venom, MP+9}
 14266 | Lair:2   | Noticed a six-headed hydra
 14283 | Lair:2   | Killed a six-headed hydra
 14357 | Lair:2   | Reached skill level 1 in Long Blades
 14447 | Lair:2   | Noticed a six-headed hydra
 14452 | Lair:2   | Reached XP level 13. HP: 79/79 MP: 26/31
 14483 | Lair:2   | Found a staircase to the Swamp.
 14497 | Lair:2   | Found a runed translucent gate.
 14497 | Lair:2   | Found a runed translucent gate.
 14497 | Lair:2   | Found a runed translucent gate.
 14500 | Lair:2   | Noticed AceOff's ghost (journeyman DjFE)
 14711 | Lair:2   | Reached skill level 5 in Long Blades
 15243 | Lair:2   | Found a staircase to the Snake Pit.
 15465 | Lair:2   | Found a viscous altar of Jiyva.
 17317 | Lair:4   | Reached skill level 10 in Dodging
 17394 | Lair:5   | Entered Level 5 of the Lair of Beasts
 17727 | Lair:5   | Reached XP level 14. HP: 70/84 MP: 26/32
 18008 | Lair:5   | Found a staircase to the Slime Pits.
 18136 | Lair:5   | Offered knowledge of Plasma Beam by Vehumet.
 18202 | Lair:5   | Learned a level 6 spell: Plasma Beam
 18421 | Lair:5   | Reached skill level 1 in Air Magic
 18752 | Lair:5   | Found a large runed translucent door.
 18753 | Lair:5   | Found a large runed translucent door.
 19339 | D:13     | Reached skill level 5 in Air Magic
 19502 | D:13     | Found Airphiqusk's Alliterative Armaments.
 19516 | D:13     | Reached skill level 1 in Fire Magic
 19593 | D:13     | Found a gate to the Vaults.
 20032 | D:14     | HP: 2/84 [manticore/volley of spikes (15)]
 20032 | D:14     | Shot with an arrow by a centaur warrior

Illustrated notes

Levels and vault maps discovered:
D:1:      scummos_arrival_simple_crosswalls, layout_basic
D:2:      layout_loops_cross
D:3:      layout_loops_cross, ebering_ecumenical_altar_petrified,
          minmay_misc_feat_iff
D:4:      layout_basic, uniq_duvessa
D:5:      layout_loops_ring, kennysheep_generic_room_6, uniq_crazy_yiuf_cottage
D:6:      layout_rooms, minmay_temple_entry_junction_2, uniq_blork_the_orc,
          uniq_eustachio
D:7:      layout_loops_cross, enter_bailey_3, uniq_jeremiah
D:8:      layout_loops_ring, gammafunk_temple_overflow_forgotten,
          elyvilon_altar_5, serial_shops, shop, minmay_strange_pillars,
          uniq_grum, uniq_joseph
D:9:      layout_rooms
D:10:     layout_basic, uniq_maggie
D:11:     layout_roguey, david_lair_shrubbed, serial_curves, eino_curves_01,
          eino_curves_04, eino_curves_01, minmay_strange_pillars,
          dreamdust_princess_bridge
D:12:     layout_rooms, orc_0_dummy, uniq_fannar
D:13:     layout_gridville, hellmonk_vaults_attempted_burglary,
          monkooky_shop_alliterative
D:14:     layout_loops_cross, chequers_serial_rivers_large_a,
          small_chamber_with_monster, kiku_gazebo_pond_becter
Temple:   mainiacjoe_temple_bowtie_tessellation
Lair:1:   cheibrodos_lair_river_kwai, layout_chaotic_city, beast_lair_carwin_1,
          infiniplex_staircase_pool_2
Lair:2:   layout_cave_pods, minmay_swamp_entry_swarm,
          minmay_snake_entry_guardpost_medium, gammafunk_ghost_ooze,
          minivault_25, grunt_megastairs_5
Lair:3:   layout_concentric_octagons, grunt_megastairs_1
Lair:4:   layout_regular_city, lemuel_fruit_fields
Lair:5:   cheibrodos_lair_end_hotspot, layout_long_grid, slime_entry_1,
          nicolae_lair_run_with_the_wolves

Skill      XL: |  1  2  3  4  5  6  7  8  9 10 11 12 13 14 |
---------------+-------------------------------------------+-----
Conjurations   | 5 6 7 8 9 11 13 17 | 17.4
Spellcasting   | 4 5 7 9 12 | 12.0
Fighting       | 3 8 |  8.4
Dodging        | 3 9 11 13 | 13.0
Long Blades    | 3 9 |  9.0
Air Magic      | 5 |  5.0
Fire Magic     | 4 |  4.3
Stealth        | |  2.4

Action                     |  1- 3 |  4- 6 |  7- 9 | 10-12 | 13-15 || total
---------------------------+-------+-------+-------+-------+-------++-------
  Melee: Unarmed           |     3 |       |       |       |       ||     3
         Dagger            |       |    15 |    12 |     6 |       ||    33
         Punch             |       |       |     1 |       |       ||     1
         Long sword        |       |       |       |       |     9 ||     9
  Throw: Dart              |       |       |       |     6 |       ||     6
         Throwing net      |       |       |       |     1 |       ||     1
   Cast: Magic Dart        |    69 |     7 |   132 |    81 |    36 ||   325
         Searing Ray       |     1 |    11 |    57 |    64 |     2 ||   135
         Iskenderun's Myst |       |       |     6 |   114 |   103 ||   223
         Stone Arrow       |       |       |       |    97 |   248 ||   345
  Evoke: Wand              |       |       |       |     3 |       ||     3
    Use: Potion            |       |       |     1 |       |       ||     1
         Scroll            |       |       |       |       |    14 ||    14
   Stab: Sleeping          |       |       |       |       |     1 ||     1
 Armour: Robe              |     6 |    15 |    43 |       |       ||    64
         Leather armour    |       |       |    14 |   116 |    85 ||   215
  Dodge: Dodged            |     2 |    21 |    47 |    94 |    46 ||   210

Table legend: (Time is in decaauts)
 A = Elapsed time spent in this place.
 B = Non-inter-level travel time spent in this place.
 C = Inter-level travel time spent in this place.
 D = Time resting spent in this place.
 E = Time spent auto-exploring this place.
 F = Levels seen in this place.
 G = Mean time per level.
                   A        B        C        D        E       F      G
               +--------+--------+--------+--------+--------+-----+--------+
         Total |  20065 |  18829 |   1236 |   1512 |  14342 |  21 |  955.5 |
       Dungeon |  13074 |  12211 |    863 |    626 |   9795 |  14 |  933.9 |
        Temple |     53 |      2 |     51 |      0 |      0 |   1 |   53.0 |
          Lair |   5925 |   5603 |    322 |    382 |   4223 |   5 | 1185.0 |
        Bailey |   1012 |   1012 |      0 |    504 |    323 |   1 | 1012.0 |
               +--------+--------+--------+--------+--------+-----+--------+

Top non-repeatable levels by time:
     D:5: 1644 daAuts
  Lair:5: 1507 daAuts
     D:1: 1337 daAuts
  Lair:2: 1289 daAuts
    D:11: 1197 daAuts
  Lair:3: 1178 daAuts
  Lair:1: 1160 daAuts
     D:6: 1109 daAuts
     D:8: 1066 daAuts
    D:12: 1035 daAuts
     D:4: 1025 daAuts
  Bailey: 1012 daAuts
     D:7: 1002 daAuts
    D:13: 930 daAuts
     D:3: 877 daAuts
